 Dungeon Crawl Stone Soup version 0.31-a0-233-g139696dc86 (webtiles) character file.

Game seed: 3365984465455347679

82299 Shard1697 the Spear-Bearer (level 16, -11/117 HPs)
             Began as a Djinni Reaver on July 8, 2023.
             Was an Initiate of Yredelemnul.
             Killed by the air
             ... invoked by a wind drake
              (22 damage)
             ... on level 5 of the Lair of Beasts.
             The game lasted 00:38:15 (19124 turns).

Shard1697 the Spear-Bearer (Djinni Reaver)         Turns: 19124, Time: 00:38:16

Health: -11/117    AC: 16    Str: 13    XL:     16   Next: 20%
Gold:   1679       EV: 16    Int: 29    God:    Yredelemnul [......] SH:  6 Dex: 18

rFire   + + +        a - +8 trident of the Octopus King {venom, rElec rPois}
rCold   x . .        b - +0 buckler
rNeg    . . .        F - +3 leather armour {rF+}
rPois   ∞            f - +2 hat {Int+3}
rElec   +            q - +0 cloak
rCorr   .            u - +2 pair of gloves
SInv    .            (boots unavailable)
Will    ++...        x - amulet of Untruth {Spirit +Blink rF+ Int+3 Stlth+}
Stlth   ++           r - +4 ring of protection
HPRegen 0.39/turn    o - ring of Piamebb {Will+ Int+5 Dex+3}
MPRegen 0.00/turn

%: guardian spirit, infuse magic (-12 HP)
@: flying
A: sickness immunity, fire resistance 2, cold vulnerability 1, float, innate
caster, HP casting, extra vitality 1
a: Renounce Religion, Evoke Blink, Recall Undead Harvest


You were on level 5 of the Lair of Beasts.
You worshipped Yredelemnul.
Yredelemnul was aware of your devotion.
You visited 4 branches of the dungeon, and saw 19 of its levels.
You also visited: Volcano.

You collected 1879 gold pieces.
You spent 200 gold pieces at shops.

Inventory:

Hand Weapons
 a - the +8 trident of the Octopus King (weapon) {venom, rElec rPois}
   (You found it on level 2 of the Dungeon)

   rElec:     It insulates you from electricity.
   rPois:     It protects you from poison.
 g - the +8 whip "Snakebite" {venom, curare, rPois}
   (You found it on level 3 of the Lair of Beasts)

   rPois:     It protects you from poison.
Armour
 b - a +0 buckler (worn)
 f - a +2 hat of intelligence (worn)
 n - a +0 leather armour of cold resistance
 q - a +0 cloak (worn)
 u - a +2 pair of gloves (worn)
 B - a +0 chain mail of cold resistance
 F - a +3 leather armour of fire resistance (worn)
Jewellery
 h - a ring of ice
 o - the ring of Piamebb (right hand) {Will+ Int+5 Dex+3}
   (You found it on level 9 of the Dungeon)

   [ring of willpower]

   Int:       It affects your intelligence (+5).
   Dex:       It affects your dexterity (+3).
   Will:      It increases your willpower.
 r - a +4 ring of protection (left hand)
 v - a ring of positive energy
 x - the amulet of Untruth (around neck) {Spirit +Blink rF+ Int+3 Stlth+}
   (You found it on level 9 of the Dungeon)

   [amulet of guardian spirit]

   It causes incoming damage to be divided between your reserves of health and
   magic.
   Int:       It affects your intelligence (+3).
   rF:        It protects you from fire.
   +Blink:    It lets you blink.
   Stlth:     It makes you more stealthy.
 y - a +4 ring of protection
Wands
 z - a wand of flame (15)
 C - a wand of polymorph (3)
 D - a wand of charming (8)
Scrolls
 l - 2 scrolls of vulnerability
 s - 4 scrolls of fog
 w - 2 scrolls of teleportation
 E - a scroll of enchant armour
 H - a scroll of torment {unknown}
 I - a scroll of summoning
Potions
 c - 5 potions of enlightenment
 d - 2 potions of might
 e - 2 potions of curing
 i - a potion of magic
 j - 4 potions of ambrosia
 k - 3 potions of brilliance
 m - 3 potions of invisibility
 p - 3 potions of lignification
 t - a potion of heal wounds
 A - 2 potions of mutation
 G - a potion of attraction


   Skills:
 - Level 11.4 Fighting
 - Level 3.4 Long Blades
 - Level 14.0 Polearms
 + Level 8.2 Dodging
 - Level 5.7 Shields
 - Level 9.7 Spellcasting
 - Level 9.7 Conjurations
 - Level 9.7 Hexes
 - Level 9.7 Summonings
 - Level 9.7 Necromancy
 - Level 9.7 Translocations
 - Level 9.7 Transmutations
 - Level 9.7 Fire Magic
 - Level 9.7 Ice Magic
 - Level 9.7 Air Magic
 - Level 9.7 Earth Magic
 - Level 9.7 Poison Magic
 + Level 8.4 Invocations


You knew the following spells:

 Your Spells              Type           Power      Damage    Failure   Level
a - Kiss of Death         Conj/Necr      100%       2d13      1%          1
b - Momentum Strike       Conj/Tloc      100%       3d10      1%          2
c - Hailstorm             Conj/Ice       63%        3d13      1%          3
d - Summon Small Mammal   Summ           100%       N/A       1%          1
e - Ensorcelled Hibernat  Hex/Ice        100%       N/A       1%          2
f - Summon Guardian Gole  Hex/Summ       63%        N/A       1%          3
g - Summon Forest         Summ/Tloc      31%        N/A       3%          5
h - Gell's Gravitas       Tloc           63%        N/A       1%          3
i - Leda's Unmaking       Conj/Erth      31%        9d6       19%         6
t - Summon Mana Viper     Hex/Summ       63%        N/A       3%          5
Your spell library was empty.

Dungeon Overview and Level Annotations

Branches:
Dungeon (11/15)            Temple (1/1) D:4            Lair (5/5) D:10
 Shoals (0/4) Lair:3       Spider (0/4) Lair:2        Slime (0/5) Lair:4
    Orc (2/2) D:9         Volcano (visited)
    Elf: Orc:2

Altars:
Ashenzari
Elyvilon
Gozag
Nemelex Xobeh
Trog
Xom
Yredelemnul
The Shining One

Shops:
D:4 !*   Orc:2 (

Annotations:
D:3 Eustachio
D:4 2 transporters, Iniera's ghost, amateur DjVM
D:5 2 transporters, Demosthentine's ghost, novice DsGl
Orc:1 Snorg


Innate Abilities, Weirdness & Mutations

You are immune to sickness and miasma.
You are immune to poison.
Your flesh is very heat resistant. (rF++)
You are vulnerable to cold. (rC-)
You float through the air rather than walking.
You learn spells naturally, not from books.
Your magical power is your life essence.
You have superior vitality. (+4 MHP)


Message History

A wind drake comes into view.
Your yak zombie barely misses the wind drake.
The wind drake bites your yak zombie.
Casting: Summon Mana Viper (dangerous; 3% risk of failure)
Confirm with . or Enter, or press ? or * to list all spells.
A mana viper appears with a sibilant hiss.
The hornet stings your yak zombie but does no damage.
The wind drake flaps its wings at you. The air twists around and strikes you!
* * * LOW HITPOINT WARNING * * *
The wind drake flaps its wings at you. The air twists around and strikes you.
* * * LOW HITPOINT WARNING * * *
Your yak zombie barely misses the wind drake.
The hornet stings your yak zombie. The wind drake flaps its wings at you.
The air twists around and strikes you!
* * * LOW HITPOINT WARNING * * *
As you read the scroll of fog, it dissolves into smoke.
The wind drake bites your yak zombie. The hornet stings your yak zombie!
Your yak zombie gores the hornet!
You can no longer trade souls for undead servants.
An elephant comes into view.
The sentinel's mark upon you fades away.
The wind drake exhales a fierce blast of wind!
You are knocked back by the gust of wind.
Your mana viper is knocked back by the gust of wind.
An elephant comes into view.
The elephant trumpets!
An elephant comes into view.
The wind drake flaps its wings at you. The air twists around and strikes you!
* * * LOW HITPOINT WARNING * * *
There is a collapsed entrance here.
Found a stone staircase leading up.
You hear an eerie melody.
The wind drake flaps its wings at you. The air twists around and strikes you!!
You die...
Your body rises from the dead as a mindless zombie.

#...........≈.....P...
*#P.§§§§.#...#≈≈......
#..§§§≈§#k.#≈.≈......
#*###..#....#§≈≈.....[..
**#P#......#Y.....#.......
*,.....##........#...##..#
**.......P......#....#[...
*,.......S.....#....##..#.
**#......@.........P###.#.
#................###....
##...#P...........#...#.
*#.#.#..#...............
#.,.,...................
**#*.,.<..................
**,,..,...............##..#
*,,,,,.#..................#
*,,,,,,,*,,,,,...........#.


You could see an elephant, a wind drake (repels missiles) and a friendly mana
viper (summoned).

Vanquished Creatures
  A hydra (Lair:4)
  A two-headed ogre (D:8)
  A boulder beetle (D:9)
  3 centaur warriors (D:9)
  Nergalle (Lair:2)
  Sonja (D:11)
  2 skysharks
  A wizard (Volcano)
  A harpy (Lair:2)
  2 orc knights
  A wolf spider (Lair:2)
  2 salamanders (Volcano)
  A manticore (Lair:5)
  An orc sorcerer (D:9)
  6 cyclopes
  An ugly thing (D:9)
  An elephant (Lair:5)
  4 black mambas
  8 cane toads
  2 molten gargoyles (Volcano)
  2 gargoyles (Volcano)
  7 rime drakes
  2 komodo dragons
  Psyche (D:11)
  An efreet (Volcano)
  3 polar bears
  2 trolls (D:9)
  4 hornets
  3 blink frogs
  2 dream sheep (Lair:5)
  2 jumping spiders (Lair:2)
  A snapping turtle (Lair:5)
  2 ynoxinuls (D:11)
  Sigmund (D:3)
  2 vampires
  6 wyverns
  A wraith (D:8)
  5 basilisks
  13 yaks
  A steam dragon (D:6)
  3 vampire mosquitoes (D:10)
  7 water moccasins
  2 ice beasts
  13 orc warriors
  A sky beast (D:7)
  3 black bears
  6 ogres
  The ghost of chud the Trooper, an amateur HuWn (D:3)
  4 centaurs
  2 phantoms
  3 kobold brigands
  4 bullfrogs
  2 gnoll sergeants
  2 scorpions
  7 wights
  9 killer bees
  An electric eel (D:11)
  2 howler monkeys
  5 hounds
  2 quasits (D:3)
  Crazy Yiuf (D:4)
  11 orc priests
  A gnoll bouda (D:6)
  An iguana (D:7)
  2 sleepcaps (D:5)
  10 orc wizards
  14 gnolls
  9 adders
  A shadow imp (D:5)
  7 ufetubi
  A worm (D:4)
  A dart slug (D:3)
  53 orcs
  6 ball pythons
  2 endoplasms
  A giant cockroach (D:2)
  7 goblins
  3 hobgoblins
  15 kobolds
  4 quokkas
  6 bats
  3 frilled lizards
  2 rats
342 creatures vanquished.

Vanquished Creatures (collateral kills)
  Gastronok (Lair:1)
  A hydra (Lair:2)
  Erica (Lair:2)
  A boulder beetle (D:11)
  A salamander mystic (Volcano)
  A lindwurm (Lair:5)
  A harpy (Lair:2)
  An ugly thing (D:9)
  A cyclops (Volcano)
  2 black mambas
  3 molten gargoyles (Volcano)
  2 gargoyles (Volcano)
  A kobold demonologist (D:9)
  4 cane toads
  A rime drake (Lair:4)
  3 komodo dragons (Lair:5)
  A troll (D:11)
  A wind drake (Lair:5)
  A polar bear (Lair:5)
  10 blink frogs
  2 dream sheep (Lair:5)
  A wyvern (Lair:2)
  A wraith (D:11)
  A ynoxinul (D:11)
  17 yaks
  3 basilisks
  5 water moccasins
  2 orc warriors
  3 bullfrogs
  A killer bee (D:8)
  4 orc priests
  3 orc wizards
  2 adders
  4 gnolls
  3 ufetubi (D:11)
  16 orcs
  4 kobolds (D:9)
110 creatures vanquished.

Vanquished Creatures (others)
  3 spectral dream sheep (D:7)
  5 dream sheep (D:7)
  A cane toad zombie (Lair:5)
  3 dream sheep zombies (Lair:5)
  A hornet zombie (Lair:5)
  A vampire mosquito zombie (D:10)
  2 komodo dragon zombies
  2 cyclops zombies (D:9)
  2 salamander zombies (Volcano)
  2 wyvern zombies (D:9)
  3 water moccasin zombies
  2 yak zombies
  A human zombie (D:11)
  A troll zombie (D:11)
  3 centaur zombies (D:9)
  2 bullfrog zombies
  A jelly (D:7)
  3 basilisk zombies
  A scorpion zombie (D:6)
  A killer bee zombie (D:10)
  A howler monkey zombie (D:9)
  A steam dragon zombie (D:6)
  An adder zombie (D:5)
  8 gnoll zombies
  8 kobold zombies
  23 orc zombies
  3 spectral ufetubi
85 creatures vanquished.

Grand Total: 537 creatures vanquished

Notes
Turn   | Place    | Note
-------+----------+-------------------------------------------
     0 | D:1      | Shard1697 the Djinni Reaver began the quest for the Orb.
     0 | D:1      | Shard1697 set off with the following spells memorised: Kiss
                  | of Death, Momentum Strike, Hailstorm.
     0 | D:1      | Reached XP level 1. HP: 18/18 MP: 0/0
   203 | D:1      | Found a faded altar of an unknown god.
   255 | D:1      | Reached XP level 2. HP: 22/23 MP: 0/0
   408 | D:1      | Reached XP level 3. HP: 28/29 MP: 0/0
   408 | D:1      | Learned a level 1 spell: Summon Small Mammal
   983 | D:2      | Reached XP level 4. HP: 34/34 MP: 0/0
  1328 | D:2      | Found the +8 trident of the Octopus King {venom, rElec
                  | rPois}
  1404 | D:3      | Found a transporter.
  1408 | D:3      | Found a transporter.
  1411 | D:3      | Noticed chud's ghost (amateur HuWn)
  1447 | D:3      | Reached skill level 1 in Polearms
  1715 | D:3      | Noticed Sigmund
  1721 | D:3      | Killed Sigmund
  1722 | D:3      | Reached skill level 3 in Polearms
  1722 | D:3      | Reached XP level 5. HP: 32/40 MP: 0/0
  1722 | D:3      | Learned a level 2 spell: Ensorcelled Hibernation
  1722 | D:3      | Reached XP level 6. HP: 37/46 MP: 0/0
  1875 | D:3      | Found a glowing golden altar of the Shining One.
  1965 | D:4      | Noticed Eustachio
  1966 | D:4      | Found a transporter.
  2131 | D:3      | Reached skill level 4 in Polearms
  2137 | D:3      | Killed chud's ghost
  2138 | D:3      | Reached XP level 7. HP: 41/50 MP: 0/0
  2138 | D:3      | Learned a level 3 spell: Summon Guardian Golem
  2318 | D:4      | Found Ziotoicw's Distillery.
  2323 | D:4      | Bought a potion of heal wounds for 50 gold pieces
  2323 | D:4      | Bought a potion of curing for 30 gold pieces
  2323 | D:4      | Bought a potion of ambrosia for 80 gold pieces
  2323 | D:4      | Bought a potion of brilliance for 40 gold pieces
  2331 | D:4      | Found a transporter.
  2348 | D:4      | Found a runed translucent door.
  2349 | D:4      | Noticed Crazy Yiuf
  2356 | D:4      | Killed Crazy Yiuf
  2461 | D:4      | Reached skill level 1 in Shields
  2529 | D:4      | Reached skill level 5 in Polearms
  2573 | D:4      | Noticed Iniera's ghost (amateur DjVM)
  2579 | D:4      | Found Bufraaly's Elemental Accessories.
  2738 | D:4      | Found a staircase to the Ecumenical Temple.
  2751 | Temple   | Entered the Ecumenical Temple
  2773 | Temple   | Became a worshipper of Yredelemnul the Dark
  2830 | D:5      | Entered Level 5 of the Dungeon
  2926 | D:5      | Reached XP level 8. HP: 58/58 MP: 0/0
  2960 | D:5      | Found a transporter.
  2962 | D:5      | Found a transporter.
  2963 | D:5      | Noticed Demosthentine's ghost (novice DsGl)
  2968 | D:5      | Reached * piety under Yredelemnul
  2978 | D:5      | Noticed a troll
  3204 | D:5      | Reached ** piety under Yredelemnul
  3478 | D:6      | Reached skill level 5 in Fighting
  3542 | D:6      | Reached XP level 9. HP: 60/65 MP: 0/0
  3542 | D:6      | Learned a level 3 spell: Gell's Gravitas
  3612 | D:6      | Reached skill level 6 in Polearms
  3851 | D:6      | Identified the +0 pair of boots of Riligis {rN++}
  4205 | D:7      | Found a shimmering altar of Xom.
  4764 | D:8      | Reached skill level 7 in Polearms
  4889 | D:8      | Noticed a two-headed ogre
  4899 | D:8      | Killed a two-headed ogre
  4900 | D:8      | Reached XP level 10. HP: 55/76 MP: 0/0
  5868 | D:8      | Reached skill level 8 in Polearms
  6807 | D:9      | Noticed a centaur warrior
  6807 | D:9      | Noticed a cyclops
  6839 | D:9      | Killed a centaur warrior
  6840 | D:9      | Reached XP level 11. HP: 46/84 MP: 0/0
  6840 | D:9      | Learned a level 5 spell: Summon Mana Viper
  7054 | D:9      | Found a staircase to the Orcish Mines.
  7092 | D:9      | Reached skill level 9 in Polearms
  7106 | D:9      | Reached *** piety under Yredelemnul
  7109 | D:9      | Found a sparkling altar of Nemelex Xobeh.
  7534 | D:9      | Killed a cyclops
  7535 | D:9      | Reached skill level 10 in Fighting
  7535 | D:9      | Reached skill level 5 in Spellcasting
  7535 | D:9      | Reached skill level 5 in Conjurations
  7535 | D:9      | Reached skill level 5 in Hexes
  7535 | D:9      | Reached skill level 5 in Summonings
  7535 | D:9      | Reached skill level 5 in Necromancy
  7535 | D:9      | Reached skill level 5 in Translocations
  7535 | D:9      | Reached skill level 5 in Transmutations
  7535 | D:9      | Reached skill level 5 in Fire Magic
  7535 | D:9      | Reached skill level 5 in Ice Magic
  7535 | D:9      | Reached skill level 5 in Air Magic
  7535 | D:9      | Reached skill level 5 in Earth Magic
  7535 | D:9      | Reached skill level 5 in Poison Magic
  7758 | D:9      | Reached **** piety under Yredelemnul
  7763 | D:9      | Noticed a centaur warrior
  7763 | D:9      | Noticed a boulder beetle
  7776 | D:9      | Noticed a cyclops
  7784 | D:9      | Killed a centaur warrior
  7796 | D:9      | Killed a boulder beetle
  7796 | D:9      | Reached ***** piety under Yredelemnul
  7803 | D:9      | Killed a cyclops
  7870 | D:9      | Noticed a brown ugly thing
  7874 | D:9      | Identified the amulet "Tuiples" {Acrobat Fly rElec rPois
                  | Slay-3}
  7874 | D:9      | Noticed a centaur warrior
  7875 | D:9      | Noticed a white ugly thing
  7884 | D:9      | Killed a brown ugly thing
  7885 | D:9      | Reached skill level 10 in Polearms
  7894 | D:9      | Killed a centaur warrior
  7899 | D:9      | Killed a brown ugly thing
  7921 | D:9      | Identified the ring of Piamebb {Will+ Int+5 Dex+3}
  7927 | D:9      | Identified the amulet of Untruth {Spirit +Blink rF+ Int+3
                  | Stlth+}
  7942 | D:9      | Identified the ring of Kelletre {rElec MP+9 Str+6 Int-2
                  | Dex-5}
  8133 | D:10     | Entered Level 10 of the Dungeon
  8263 | D:10     | Found an opulent altar of Gozag.
  8335 | D:10     | Reached XP level 12. HP: 53/94 MP: 0/0
  8555 | D:10     | Found a staircase to the Lair.
 10024 | D:11     | Noticed Sonja
 10038 | D:11     | Killed Sonja
 10104 | D:11     | Noticed Psyche
 10111 | D:11     | Killed Psyche
 10112 | D:11     | Reached skill level 11 in Polearms
 10296 | D:11     | Noticed a boulder beetle
 10309 | D:11     | Your ally Psyche died
 10321 | D:11     | Killed a boulder beetle
 10893 | Orc:1    | Entered Level 1 of the Orcish Mines
 11472 | D:9      | HP: 3/94 [troll (5)]
 12513 | Orc:2    | Entered Level 2 of the Orcish Mines
 12513 | Orc:2    | Noticed an orc high priest
 12513 | Orc:2    | Found Qeps's Antique Weapon Shoppe.
 12515 | Orc:2    | Noticed Snorg
 13015 | Lair:1   | Entered Level 1 of the Lair of Beasts
 13102 | Lair:1   | Noticed Gastronok
 13103 | Lair:1   | Reached skill level 12 in Polearms
 13103 | Lair:1   | Reached XP level 13. HP: 99/99 MP: 0/0
 13103 | Lair:1   | Learned a level 5 spell: Summon Forest
 13104 | Lair:1   | Reached skill level 13 in Polearms
 13104 | Lair:1   | Reached XP level 14. HP: 105/105 MP: 0/0
 13112 | Lair:1   | Killed Gastronok
 13268 | Lair:1   | Reached XP level 15. HP: 109/111 MP: 0/0
 13268 | Lair:1   | Learned a level 6 spell: Leda's Unmaking
 13926 | Lair:2   | Noticed Nergalle
 13941 | Lair:2   | Killed Nergalle
 14210 | Lair:2   | Found a hole to the Spider Nest.
 14222 | Lair:2   | Reached skill level 1 in Invocations
 14332 | Lair:2   | Noticed Erica
 14341 | Lair:2   | Killed Erica
 14344 | Lair:2   | Your ally Nergalle died
 14472 | Lair:2   | Reached ****** piety under Yredelemnul
 14755 | Lair:3   | Found a staircase to the Shoals.
 15148 | Lair:2   | Reached skill level 14 in Polearms
 15844 | Lair:3   | Found the +8 whip "Snakebite" {venom, curare, rPois}
 15914 | Lair:3   | Identified a scroll of acquirement
 15915 | Lair:3   | Acquired 377 gold pieces
 15924 | Lair:3   | Identified the +7 dagger "Avetoxke" {spect, Fly rC- rN+}
 15951 | Lair:3   | Reached skill level 5 in Invocations
 16533 | Lair:4   | Found a staircase to the Slime Pits.
 16626 | Lair:4   | Identified the +6 short sword "Ryfoac" {venom, rN+++ rCorr
                  | Dex-3}
 16702 | Lair:4   | Reached skill level 5 in Dodging
 17295 | Lair:5   | Entered Level 5 of the Lair of Beasts
 17651 | Lair:5   | Found a dark tunnel.
 17662 | Volcano  | Entered a volcano
 18236 | Volcano  | Reached skill level 5 in Shields
 18342 | Volcano  | Reached XP level 16. HP: 79/117 MP: 0/0
 18440 | Volcano  | Noticed an orb of fire
 18482 | Volcano  | Noticed an orb of fire
 19101 | Lair:5   | HP: 2/117 [wind drake/the air (19)]
 19124 | Lair:5   | Killed from afar by a wind drake

Illustrated notes

Levels and vault maps discovered:
D:1:      reono_arrival_forest_river, layout_rooms,
          nicolae_ecumenical_lake_church
D:2:      layout_loops_ring
D:3:      layout_basic, pf_just_have_faith, gammafunk_ghost_stat_death,
          kennysheep_nub, uniq_sigmund
D:4:      kennysheep_spiral_hall, layout_rooms, minmay_temple_entry_butterflies,
          gammafunk_ghost_mausoleum, serial_shops, shop, nicolae_elemental_shop,
          uniq_crazy_yiuf_cottage, uniq_eustachio
D:5:      layout_basic, okawaru_gym_becter, serial_aquarium,
          aquarium_bridge_square [aquarium_subvault_wall,
          aquarium_subvault_window, aquarium_subvault_bridge,
          aquarium_subvault_bridge], aquarium_bridge_long_separate
          [aquarium_subvault_bridge, aquarium_subvault_balcony,
          aquarium_subvault_bridge, aquarium_subvault_window,
          aquarium_subvault_wall, aquarium_subvault_bridge],
          aquarium_window_fake, aquarium_window_fake, aquarium_view_2a,
          aquarium_view_2c, gammafunk_ghost_arena, minmay_statues_item,
          bh_walls_and_bars
D:6:      layout_rooms
D:7:      layout_basic, kb_xom_exploding_sheep, kb_lookout_dungeons_type
D:8:      layout_cave_pods
D:9:      minmay_the_grid_triangle_9x9_rhombus_full
          [minmay_the_grid_triangle_9x9_shrine,
          minmay_the_grid_triangle_9x9_minimal,
          minmay_the_grid_triangle_9x9_checkered,
          minmay_the_grid_triangle_9x9_from_above,
          minmay_the_grid_triangle_9x9_sprig,
          minmay_the_grid_triangle_9x9_sparse_checkered,
          minmay_the_grid_triangle_9x9_warning,
          minmay_the_grid_triangle_9x9_prize_special], layout_long_grid,
          nemelex_xobeh_ov_fountains_minmay
D:10:     layout_stronghold, nicolae_gozag_seed_capital, lair_entry_dummy
D:11:     layout_roguey [special_room_orc], chequers_serial_rivers_room_a,
          nicolae_fort_ynox, uniq_psyche, uniq_sonja
Temple:   minmay_crystal_spiral_temple
Lair:1:   layout_chaotic_city, uniq_gastronok
Lair:2:   layout_gridlike, spider_nest_entry_funnel_web, uniq_erica,
          uniq_nergalle
Lair:3:   layout_roguey, nicolae_shoals_entry_roost
Lair:4:   layout_loops_ring, slime_entry_1
Lair:5:   gammafunk_lair_ancient_temple, layout_misc_corridors,
          nicolae_volcano_entry_lava_flow
Orc:1:    layout_caves, gammafunk_ghost_cemetery, uniq_maurice
Orc:2:    st_orc_congregation, layout_caves, serial_shops,
          nicolae_shop_tiny_waterfront, uniq_snorg

Skill      XL: |  1  2  3  4  5  6  7  8  9 10 11 12 13 14 15 16 |
---------------+-------------------------------------------------+-----
Long Blades    | 3 |  3.4
Fighting       | 3 4 5 7 9 11 | 11.4
Spellcasting   | 3 4 5 8 9 |  9.7
Conjurations   | 3 4 5 8 9 |  9.7
Hexes          | 3 4 5 8 9 |  9.7
Summonings     | 3 4 5 8 9 |  9.7
Necromancy     | 3 4 5 8 9 |  9.7
Translocations | 3 4 5 8 9 |  9.7
Transmutations | 3 4 5 8 9 |  9.7
Fire Magic     | 3 4 5 8 9 |  9.7
Ice Magic      | 3 4 5 8 9 |  9.7
Air Magic      | 3 4 5 8 9 |  9.7
Earth Magic    | 3 4 5 8 9 |  9.7
Poison Magic   | 3 4 5 8 9 |  9.7
Polearms       | 3 4 5 7 8 10 12 13 14 | 14.0
Shields        | 1 3 5 |  5.7
Invocations    | 7 8 |  8.4
Dodging        | 7 8 |  8.2

Action                     |  1- 3 |  4- 6 |  7- 9 | 10-12 | 13-15 | 16-18 || total
---------------------------+-------+-------+-------+-------+-------+-------++-------
  Melee: Falchion          |   108 |    14 |       |       |       |       ||   122
         Trident           |       |    49 |   204 |   567 |   435 |   102 ||  1357
   Cast: Summon Small Mamm |     2 |       |       |       |       |       ||     2
         Summon Mana Viper |       |       |       |     5 |    13 |     7 ||    25
         Summon Forest     |       |       |       |       |     5 |       ||     5
 Invoke: Dark Bargain      |       |       |     1 |     1 |       |       ||     2
         Recall Undead Har |       |       |       |       |       |     1 ||     1
         Drain Life        |       |       |       |       |       |     1 ||     1
    Use: Scroll            |       |       |    15 |     9 |     6 |     1 ||    31
         Potion            |       |       |       |     6 |     3 |     1 ||    10
   Stab: Sleeping          |       |       |     1 |     4 |     5 |       ||    10
         Distracted        |       |       |       |     5 |    10 |     4 ||    19
         Invisible         |       |       |       |       |     2 |       ||     2
 Armour: Leather armour    |     5 |       |       |   164 |   123 |     8 ||   300
         Ring mail         |    49 |    39 |    71 |   104 |       |       ||   263
  Dodge: Dodged            |    83 |    37 |    89 |   316 |   146 |    43 ||   714
  Block: Buckler           |       |       |    31 |   144 |    69 |     6 ||   250

Table legend: (Time is in decaauts)
 A = Elapsed time spent in this place.
 B = Non-inter-level travel time spent in this place.
 C = Inter-level travel time spent in this place.
 D = Time resting spent in this place.
 E = Time spent auto-exploring this place.
 F = Levels seen in this place.
 G = Mean time per level.
                   A        B        C        D        E       F      G
               +--------+--------+--------+--------+--------+-----+--------+
         Total |  18843 |  18088 |    755 |   4536 |   9783 |  20 |  942.2 |
       Dungeon |  12050 |  11467 |    583 |   2424 |   6813 |  11 | 1095.5 |
        Temple |     41 |     23 |     18 |      0 |      7 |   1 |   41.0 |
          Lair |   4841 |   4732 |    109 |   1102 |   2654 |   5 |  968.2 |
  Orcish Mines |    847 |    804 |     43 |    388 |    243 |   2 |  423.5 |
       Volcano |   1062 |   1062 |      0 |    622 |     66 |   1 | 1062.0 |
               +--------+--------+--------+--------+--------+-----+--------+

Top non-repeatable levels by time:
     D:9: 2788 daAuts
  Lair:2: 1787 daAuts
     D:8: 1756 daAuts
    D:10: 1536 daAuts
    D:11: 1220 daAuts
 Volcano: 1062 daAuts
  Lair:4: 907 daAuts
   Orc:1: 838 daAuts
     D:2: 829 daAuts
  Lair:1: 824 daAuts
     D:7: 768 daAuts
     D:3: 765 daAuts
     D:1: 670 daAuts
  Lair:5: 667 daAuts
  Lair:3: 653 daAuts
